 Dungeon Crawl Stone Soup version 0.27.1-1-g398f81649c (webtiles) character file.

Game seed: 3477078386690248744

53 chaosape the Conjurer (level 3, 0/26 HPs)
             Began as a Gnoll Wanderer on Sept 9, 2021.
             Slain by Terence (2 damage)
             ... on level 3 of the Dungeon.
             The game lasted 00:08:27 (3143 turns).

chaosape the Conjurer (Gnoll Wanderer)              Turns: 3143, Time: 00:08:27

Health: 0/26       AC:  3    Str: 12 (13) XL:     3   Next: 89%
Magic:  7/7        EV: 11    Int:  6 (9)  God:
Gold:   59         SH:  0    Dex:  9 (12) Spells: 6/7 levels left

rFire    . . .     SeeInvis .   i - +4 hand axe
rCold    . . .     Faith    .   (no shield)
rNeg     . . .     Spirit   .   k - +0 leather armour
rPois    .         Reflect  .   (no helmet)
rElec    .         Harm     .   (no cloak)
rCorr    .         Rampage  .   (no gloves)
Will     .....                  (no boots)
Stlth    ++........             (no amulet)
HPRegen  0.08/turn              (no ring)
MPRegen  0.10/turn              (no ring)

@: about to teleport
A: fangs 1, strong nose, distributed training
a: no special abilities


You were on level 3 of the Dungeon.
You visited 1 branch of the dungeon, and saw 3 of its levels.

You collected 59 gold pieces.

Inventory:

Hand Weapons
 a - a +0 club
 i - a +4 hand axe (weapon)
 j - a +0 antimagic hand axe
Missiles
 f - 55 arrows
Armour
 b - a +0 robe
 k - a +0 leather armour (worn)
Jewellery
 d - a ring of fire
 h - a ring of protection from cold
Scrolls
 l - a scroll of enchant armour {unknown}


   Skills:
 + Level 1.0 Fighting
 + Level 1.0 Short Blades
 + Level 1.0 Long Blades
 + Level 1.0 Axes
 + Level 1.0 Maces & Flails
 + Level 1.0 Polearms
 + Level 1.0 Staves
 + Level 1.0 Slings
 + Level 1.0 Bows
 + Level 1.0 Crossbows
 + Level 1.0 Throwing
 + Level 1.0 Armour
 + Level 1.0 Dodging
 + Level 2.4 Stealth
 + Level 1.0 Shields
 + Level 1.0 Unarmed Combat
 + Level 2.9 Spellcasting
 + Level 5.4 Conjurations
 + Level 0.7 Hexes
 + Level 0.7 Summonings
 + Level 0.7 Necromancy
 + Level 3.8 Translocations
 + Level 3.8 Transmutations
 + Level 0.7 Fire Magic
 + Level 0.7 Ice Magic
 + Level 0.7 Air Magic
 + Level 0.7 Earth Magic
 + Level 0.7 Poison Magic
 + Level 1.0 Invocations
 + Level 2.6 Evocations


You had 6 spell levels left.
You knew the following spells:

 Your Spells              Type           Power      Damage    Failure   Level
a - Foxfire               Conj/Fire      16%        2x1d4     14%         1

Your spell library contained the following spells:

 Spells                   Type           Power      Damage    Failure   Level
 Blink                    Tloc           N/A        N/A       16%         2
 Gell's Gravitas          Tloc           2%         N/A       30%         3
 Lesser Beckoning         Tloc           2%         N/A       30%         3
 Teleport Other           Tloc           5%         N/A       30%         3
 Mephitic Cloud           Conj/Pois/Air  3%         N/A       50%         3
 Manifold Assault         Tloc           5%         N/A       95%         5


Dungeon Overview and Level Annotations

Branches:
Dungeon (3/15)

Altars:
Qazlal

Annotations:
D:3 Terence


Innate Abilities, Weirdness & Mutations

You have very sharp teeth.
Your uncanny sense of smell can sniff out nearby items.
Your experience applies equally to all skills.


Message History

A giant cockroach comes into view.
Found a stone staircase leading down.
Terence the Incautious comes into view.
He is wielding a +0 hand axe.
Terence shouts!
The giant cockroach bites you but does no damage.
You hit the giant cockroach.
The giant cockroach is almost dead.
The giant cockroach barely misses you.
Terence says, "Time to say good-bye..."
The giant cockroach closely misses you.
You hit the giant cockroach.
You kill the giant cockroach!
You hit Terence but do no damage. Terence hits you with a +0 hand axe.
You hit Terence.
Terence is lightly wounded.
Terence barely misses you. Terence closely misses you.
You hit Terence.
Terence is moderately wounded.
Terence hits you with a +0 hand axe!
You hit Terence.
Terence is heavily wounded.
Terence hits you with a +0 hand axe.
You are too injured to fight recklessly!
You are too injured to fight recklessly!
You are too injured to fight recklessly!
Okay, then.
You barely miss Terence.
Terence is heavily wounded.
Terence hits you with a +0 hand axe.
* * * LOW HITPOINT WARNING * * *
It was a potion of degeneration.
There was something very wrong with that liquid.
You feel weakened.
You feel dopey.
You feel clumsy. Terence hits you with a +0 hand axe.
* * * LOW HITPOINT WARNING * * *
It was a potion of cancellation.
You feel magically purged. Terence closely misses you.
As you read the scroll of teleportation, it crumbles to dust.
You feel strangely unstable. Terence hits you with a +0 hand axe.
You die...

.... .. #..# .# ..#
.# #.##.# #####
#..#.# ...)#
#######..#.# ....#
...........# ....#
#...@†#
....#########.##@>#
....#..........#..#
....#.#######..#..#
....#.# #...#..#
....#.######...#...
....#.#......#.#.##.
#####.#.######.... .
###.#............#


You could see Terence.

Vanquished Creatures
  A worm (D:2)
  3 dart slugs
  2 ball pythons (D:1)
  2 endoplasms
  5 giant cockroaches
  2 goblins
  4 hobgoblins
  5 jackals
  2 kobolds (D:2)
  5 bats
  3 frilled lizards
  9 rats
43 creatures vanquished.

Vanquished Creatures (others)
  11 foxfires (D:2)
11 creatures vanquished.

Grand Total: 54 creatures vanquished

Notes
Turn   | Place    | Note
-------+----------+-------------------------------------------
     0 | D:1      | chaosape the Gnoll Wanderer began the quest for the Orb.
     0 | D:1      | chaosape set off with the following items: a +0 club, a +0
                  | robe, a scroll of teleportation; and the following spell
                  | memorised: Foxfire; and the following spells available to
                  | memorise: Blink, Gell's Gravitas, Lesser Beckoning,
                  | Teleport Other, Mephitic Cloud, Manifold Assault
     0 | D:1      | Reached XP level 1. HP: 13/13 MP: 4/4
   587 | D:1      | Reached XP level 2. HP: 17/19 MP: 5/5
   831 | D:1      | You fall into a shaft and drop 1 floor!
   831 | D:2      | Found a stormy altar of Qazlal.
  1099 | D:2      | Reached XP level 3. HP: 9/25 MP: 1/7
  1330 | D:2      | Found a faded altar of an unknown god.
  2052 | D:2      | Reached skill level 1 in Invocations
  2592 | D:1      | Reached skill level 1 in Fighting
  2592 | D:1      | Reached skill level 1 in Short Blades
  2592 | D:1      | Reached skill level 1 in Long Blades
  2592 | D:1      | Reached skill level 1 in Axes
  2592 | D:1      | Reached skill level 1 in Maces & Flails
  2592 | D:1      | Reached skill level 1 in Polearms
  2592 | D:1      | Reached skill level 1 in Staves
  2592 | D:1      | Reached skill level 1 in Slings
  2592 | D:1      | Reached skill level 1 in Bows
  2592 | D:1      | Reached skill level 1 in Crossbows
  2592 | D:1      | Reached skill level 1 in Throwing
  2592 | D:1      | Reached skill level 1 in Armour
  2592 | D:1      | Reached skill level 1 in Dodging
  2592 | D:1      | Reached skill level 1 in Shields
  2592 | D:1      | Reached skill level 1 in Unarmed Combat
  3132 | D:3      | Noticed Terence
  3143 | D:3      | Slain by Terence

Illustrated notes

Levels and vault maps discovered:
D:1:      mrwooster_arrival_statue_2, layout_basic, minmay_pentomino_u2
D:2:      layout_basic, basic_altar, hellmonk_ecumenical_altar_leap_of_faith
D:3:      layout_basic, uniq_terence

Skill      XL: |  1  2  3 |
---------------+----------+-----
Invocations    | 1 |  1.0
Fighting       | 1 |  1.0
Short Blades   | 1 |  1.0
Long Blades    | 1 |  1.0
Axes           | 1 |  1.0
Maces & Flails | 1 |  1.0
Polearms       | 1 |  1.0
Staves         | 1 |  1.0
Slings         | 1 |  1.0
Bows           | 1 |  1.0
Crossbows      | 1 |  1.0
Throwing       | 1 |  1.0
Armour         | 1 |  1.0
Dodging        | 1 |  1.0
Shields        | 1 |  1.0
Unarmed Combat | 1 |  1.0
Stealth        | |  2.4
Spellcasting   | |  2.9
Conjurations   | |  5.4
Hexes          | |  0.7
Summonings     | |  0.7
Necromancy     | |  0.7
Translocations | |  3.8
Transmutations | |  3.8
Fire Magic     | |  0.7
Ice Magic      | |  0.7
Air Magic      | |  0.7
Earth Magic    | |  0.7
Poison Magic   | |  0.7
Evocations     | |  2.6

Action                   || total
-------------------------++-------
Melee: Club              ||   100
       Bite              ||    12
       Hand axe          ||    48
 Cast: Foxfire           ||     9
  Use: Potion            ||     3
       Scroll            ||     1
 Stab: Sleeping          ||     3
Armor: Robe              ||    58
       Leather armour    ||     1
Dodge: Dodged            ||   114
